 Dungeon Crawl Stone Soup version 0.17-a0-1763-g847a857 (webtiles) character file.

1040 Grim the Shooter (level 8, 0/54 HPs)
             Began as a High Elf Hunter on Sept 4, 2015.
             Shot with an arrow by a centaur (8 damage)
             ... on level 5 of the Dungeon.
             The game lasted 00:36:05 (5329 turns).

Grim the Shooter (High Elf Hunter)                  Turns: 5329, Time: 00:36:06

Health: 0/54       AC:  5    Str: 11    XL:     8   Next: 4%
Magic:  18/18      EV: 12    Int: 15    God:
Gold:   210        SH:  0    Dex: 18    Spells: 0 memorised, 7 levels left

rFire  . . .     SeeInvis +     a - +1 shortbow
rCold  . . .     Clarity  .     d - +0 leather armour
rNeg   . . .     SustAt   .     (no shield)
rPois  .         Gourm    .     (no helmet)
rElec  .         Spirit   .     (no cloak)
rCorr  .         Warding  .     D - +0 pair of gloves
rMut   .         Stasis   .     E - +0 pair of boots (curse)
MR     .....                    (no amulet)
Stlth  +++.......               n - ring of see invisible
                                m - ring of magical power

@: very slightly contaminated, invisible, not resistant to hostile enchantments,
fairly stealthy
A: no striking features
a: no special abilities


You were on level 5 of the Dungeon.
You were not hungry.

You visited 1 branch of the dungeon, and saw 5 of its levels.

You collected 210 gold pieces.

Inventory:

Hand weapons
 a - a +1 shortbow (weapon)
 b - a +0 short sword
 y - a +0 rapier
Missiles
 c - 15 arrows
 s - 17 poisoned arrows (quivered)
Armour
 d - a +0 leather armour (worn)
 x - a +0 chain mail
 D - a +0 pair of gloves (worn)
 E - a cursed +0 pair of boots (worn)
Jewellery
 m - a ring of magical power (left hand)
 n - a ring of see invisible (right hand)
Magical devices
 A - a wand of magic darts (28)
Scrolls
 k - a scroll of amnesia
 o - a scroll of fear {unknown}
 p - a scroll of magic mapping {unknown}
 q - a scroll of remove curse {unknown}
 r - a scroll of immolation {unknown}
 t - a scroll of teleportation
 z - a scroll of noise {unknown}
Potions
 i - a potion of curing
 u - a potion of brilliance {unknown}
 v - a potion of flight {unknown}
 w - a potion of mutation {unknown}
 B - a potion of magic {unknown}
Comestibles
 e - 6 bread rations
 g - 4 meat rations
 j - a slice of pizza


   Skills:
 * Level 4.1 Fighting
 - Level 6.0 Short Blades
 + Level 7.6 Bows
 - Level 2.1 Dodging
 - Level 6.5 Stealth


You had 7 spell levels left.
You didn't know any spells.

Dungeon Overview and Level Annotations

Branches:
Dungeon (5/15)
 Temple: D:4-7

Altars:
Qazlal
Sif Muna


Message History

* * * LOW HITPOINT WARNING * * *
You are too injured to fight recklessly!
Firing (i - inventory. (,) - cycle):
s - 18 poisoned arrows (quivered)
Press: ? - help, Shift-Dir - straight line, f - centaur
Aim: a centaur, wielding a shortbow of evasion (moderately wounded)
You shoot a poisoned arrow.
The poisoned arrow barely misses the centaur.
The centaur shoots an arrow.
The arrow hits you!
* * * LOW HITPOINT WARNING * * *
Firing (i - inventory. (,) - cycle):
s - 17 poisoned arrows (quivered)
Press: ? - help, Shift-Dir - straight line, f/p - centaur
Aim: a centaur, wielding a shortbow of evasion (moderately wounded)
Okay, then.
Drink which item? (? for menu, Esc to quit)
You fade into invisibility!
The centaur shoots an arrow.
The arrow closely misses you.
You are very lightly contaminated with residual magic.
Drink which item? (? for menu, Esc to quit)
You feel better.
The centaur shoots an arrow.
The arrow hits you!
You die...

.. .# .# .# ##.#
.... #(. .... #.#
....( #@# .......
#(# .((((.. #c#
###(....#
####(###.(.##.###
#.......(#......<
#................
#.(...)##..(.....
#...(..#........)
####.##..#.......


You could see a centaur.

Vanquished Creatures
  Sigmund (D:5)
  Duvessa (D:4)
  An ogre (D:4)
  Dowan (D:4)
  2 hounds (D:4)
  2 giant frog skeletons
  An iguana (D:4)
  6 orc priests
  2 orc wizards
  A worker ant (D:4)
  Natasha (thrice) (D:3)
  A hound skeleton (D:4)
  A gnoll (D:1)
  Robin (D:3)
  5 adders
  2 oozes (D:3)
  An adder skeleton (D:5)
  3 worms
  13 orcs
  3 ball pythons
  12 hobgoblins
  8 jackals
  4 kobolds
  A quokka (D:4)
  7 bats
  5 giant cockroaches
  4 giant geckos
  A giant gecko skeleton (D:4)
  4 giant newts
  13 goblins
  A jackal skeleton (D:4)
  A quokka zombie (D:5)
  7 rats
119 creatures vanquished.

Notes
Turn   | Place    | Note
--------------------------------------------------------------
     0 | D:1      | Grim the High Elf Hunter began the quest for the Orb.
     0 | D:1      | Reached XP level 1. HP: 14/14 MP: 2/2
    10 | D:1      | Reached XP level 2. HP: 19/19 MP: 3/3
  1209 | D:2      | You fall through a shaft!
  1220 | D:3      | Reached XP level 3. HP: 24/24 MP: 4/4
  1432 | D:3      | Reached XP level 4. HP: 14/29 MP: 5/5
  1433 | D:3      | Reached skill level 5 in Short Blades
  1707 | D:3      | Noticed Natasha
  1719 | D:3      | Killed Natasha
  1723 | D:3      | Noticed Robin
  1733 | D:3      | Killed Robin
  1737 | D:3      | Reached XP level 5. HP: 28/34 MP: 6/6
  2302 | D:3      | Found a stormy altar of Qazlal.
  2302 | D:3      | Found a deep blue altar of Sif Muna.
  2347 | D:3      | Noticed Natasha
  2351 | D:3      | Killed Natasha
  2411 | D:3      | Noticed Natasha
  2416 | D:3      | Killed Natasha
  2416 | D:3      | Reached skill level 6 in Short Blades
  3495 | D:4      | Noticed an ogre
  3548 | D:4      | Reached XP level 6. HP: 23/42 MP: 7/7
  4464 | D:4      | Killed an ogre
  4464 | D:4      | Reached XP level 7. HP: 24/46 MP: 8/8
  4631 | D:4      | Reached skill level 5 in Stealth
  4857 | D:4      | Noticed Dowan
  4953 | D:4      | Noticed Duvessa
  4957 | D:4      | Killed Dowan
  4975 | D:4      | Killed Duvessa
  4975 | D:4      | Reached skill level 7 in Bows
  5230 | D:5      | Entered Level 5 of the Dungeon
  5268 | D:5      | Noticed Sigmund
  5284 | D:5      | Killed Sigmund
  5284 | D:5      | Reached XP level 8. HP: 52/54 MP: 9/9
  5327 | D:5      | HP: 2/54 [centaur/arrow (12)]
  5329 | D:5      | Shot with an arrow by a centaur

Vault maps used:
D:1:      dpeg_arrival_radiant, patterned_corridor
D:3:      gammafunk_temple_overflow_elements, minmay_misc_feat_encased,
          kennysheep_generic_room_15, uniq_natasha, uniq_robin
D:4:      first_bread, uniq_duvessa
D:5:      uniq_sigmund

Action                   |  1- 3 |  4- 6 |  7- 9 || total
-------------------------+-------+-------+-------++-------
Melee: Short sword       |       |    35 |       ||    35
 Fire: Shortbow          |    75 |   267 |    92 ||   434
  Use: Potion            |       |     2 |     4 ||     6
       Scroll            |       |       |     4 ||     4
  Eat: Chunk             |     1 |    10 |     2 ||    13
